 Dungeon Crawl Stone Soup version 0.18-a0-1721-gc4d1f22 (webtiles) character file.

1418 vev the Basher (level 8, 0/72 HPs)
             Began as an Ogre Arcane Marksman on Apr 10, 2016.
             Was a Follower of Elyvilon.
             Slain by a wight
             ... wielding a +0 flail
              (6 damage)
             ... on level 7 of the Dungeon.
             The game lasted 00:13:42 (8855 turns).

vev the Basher (Ogre Arcane Marksman)               Turns: 8855, Time: 00:13:43

Health: 0/72       AC:  4    Str: 17    XL:     8   Next: 71%
Magic:  9/9        EV:  9    Int: 12    God:    Elyvilon [*.....]
Gold:   233        SH:  0    Dex: 11    Spells: 1 memorised, 8 levels left

rFire  . . .     SeeInvis .     K - +0 giant club
rCold  . . .     Gourm    .     a - +0 robe
rNeg   . . .     Faith    .     (shield currently unavailable)
rPois  .         Spirit   .     (helmet restricted)
rElec  .         Dismiss  .     n - +0 cloak
rCorr  .         Reflect  .     (gloves unavailable)
SustAt .         Harm     .     (boots unavailable)
MR     .....                    u - amulet of rage
Stlth  +.........               (no ring)
                                (no ring)

@: about to teleport, heavily drained, not resistant to hostile enchantments,
very unstealthy
A: unfitting armour, tough skin 1
a: Lesser Healing, Divine Protection, Renounce Religion, Evoke Berserk Rage


You were on level 7 of the Dungeon.
You worshipped Elyvilon.
Elyvilon was aware of your devotion.
You were near starving.

You visited 1 branch of the dungeon, and saw 7 of its levels.

You collected 298 gold pieces.
You spent 65 gold pieces at shops.

Inventory:

Hand Weapons
 g - a +0 club
 j - a +0 whip
 z - a +0 morningstar
 K - a +0 giant club (weapon)
 L - a +0 dire flail
Missiles
 c - 5 large rocks (quivered)
 d - 2 throwing nets
Armour
 a - a +0 robe (worn)
 n - a +0 cloak (worn)
Jewellery
 q - an uncursed amulet of magic regeneration
 u - an amulet of rage (around neck)
 x - a +2 amulet of reflection {unknown}
 H - a +2 ring of protection {unknown}
Wands
 G - a wand of disintegration (12/24)
 I - a wand of teleportation (1/9)
Scrolls
 i - 2 scrolls of random uselessness {unknown}
 l - 11 scrolls of identify
 o - 2 scrolls of immolation {unknown}
 t - 4 scrolls of recharging {unknown}
 y - 3 scrolls of teleportation {unknown}
 B - a scroll of noise {unknown}
 J - a scroll of holy word {unknown}
 O - a scroll of remove curse {unknown}
 P - a scroll of summoning {unknown}
Potions
 e - a potion of cancellation {unknown}
 h - a potion of curing
 k - a potion of agility
 r - a potion of berserk rage {unknown}
 v - a potion of might {unknown}
 w - a potion of haste
 A - 4 potions of brilliance {unknown}
 C - a potion of flight {unknown}
 E - 2 potions of mutation {unknown}
 F - 3 potions of ambrosia {unknown}
Books
 b - a book of Debilitation

   Spells                             Type                      Level
   a - Corona                         Hexes                        1
   b - Slow                           Hexes                        2
   c - Gell's Gravitas                Hexes/Translocation          3
   d - Inner Flame                    Hexes/Fire                   3
   e - Cause Fear                     Hexes                        4
   f - Leda's Liquefaction            Hexes/Earth                  4
 N - a book of Annihilations

   Spells                             Type                      Level
   a - Poison Arrow                   Conjuration/Poison           6
   b - Chain Lightning                Conjuration/Air              8
   c - Lehudib's Crystal Spear        Conjuration/Earth            8
   d - Glaciate                       Conjuration/Ice              9
   e - Fire Storm                     Conjuration/Fire             9
Comestibles
 f - 6 bread rations
 m - 3 slices of pizza
 p - a beef jerky
 s - 4 fruits
 D - a meat ration


   Skills:
 - Level 2.1(0.6) Fighting
 + Level 12.9(11.0) Maces & Flails
 - Level 2.0(0.5) Throwing
 - Level 1.7(0.3) Dodging
 - Level 1.2(0.0) Spellcasting
 - Level 2.1(0.7) Hexes


You had 8 spell levels left.
You knew the following spells:

 Your Spells              Type           Power        Failure   Level  Hunger
a - Corona                Hex            #......      28%         1    ##.....


Dungeon Overview and Level Annotations

Branches:
Dungeon (7/15)             Temple (0/1) D:6

Altars:
Dithmenos
Elyvilon
Nemelex Xobeh
Okawaru
Qazlal
Trog
Zin

Shops:
D:6 !

Annotations:
D:4 vev's ghost, amateur OgAM


Innate Abilities, Weirdness & Mutations

You are too large for most types of armour.
You have tough skin (AC +1).


Message History

Your surroundings suddenly seem different.
You can now provide lesser healing for yourself.
You can now call on Elyvilon to save your life.
A centaur comes into view.
The centaur shouts!
The centaur wields a shortbow.
The centaur shoots an arrow.
The arrow hits you!
* * * LOW HITPOINT WARNING * * *
Found 17 stones, a whip and a hunting sling.
A sky beast and 3 wights come into view.
You see here an arrow.
Drink which item? (? for menu, Esc to quit)
You feel better.
The centaur shoots an arrow.
The arrow hits you!
* * * LOW HITPOINT WARNING * * *
Evoke which item? (* to show all) (? for menu, Esc to quit)
Zapping:
I - a wand of teleportation {zapped: 3} (will waste charges)
Press: ? - help, Shift-Dir - straight line, f - you You feel strangely unstable.
Evoking this partially-identified wand wasted a few charges.
The wight hits you with a flail.
You die...

...........##########.##
...........# .. ...
...........######.####.#
...........#....c....#
#+###................#
#......#....zz.Y.#
#......#.........#
#......#....z....#
#......#....@....#
#......#............
....................
#......#...(........ #
#...........)
#....).......
#............
#.........###


You could see a sky beast, a centaur and 3 wights.

Vanquished Creatures
  Edmund (D:6)
  2 phantoms
  A black bear (D:6)
  A necrophage (D:7)
  An ogre (D:6)
  2 giant frogs
  A scorpion (D:5)
  2 crimson imps
  A hound (D:3)
  A centaur skeleton (D:6)
  An orc priest (D:5)
  A giant frog skeleton (D:4)
  4 orc wizards
  7 worker ants
  A hound zombie (D:6)
  A hound skeleton (D:7)
  8 adders
  A shadow imp (D:7)
  An ooze (D:2)
  An adder skeleton (D:4)
  2 worms (D:2)
  A dart slug (D:1)
  4 giant geckos
  17 orcs
  A ball python (D:2)
  3 giant cockroaches
  7 goblins
  6 hobgoblins
  2 jackals (D:2)
  2 kobolds (D:1)
  2 quokkas
  7 bats
  5 giant newts
  A quokka skeleton (D:4)
  11 rats
110 creatures vanquished.

Notes
Turn   | Place    | Note
--------------------------------------------------------------
     0 | D:1      | vev the Ogre Arcane Marksman began the quest for the Orb.
     0 | D:1      | Reached XP level 1. HP: 19/19 MP: 2/2
   758 | D:1      | Reached skill level 1 in Maces & Flails
   775 | D:1      | Reached XP level 2. HP: 20/28 MP: 3/3
  1017 | D:1      | Reached skill level 2 in Maces & Flails
  1610 | D:2      | Reached XP level 3. HP: 12/35 MP: 4/4
  1950 | D:2      | Reached skill level 3 in Maces & Flails
  2160 | D:2      | Found a bloodstained altar of Trog.
  2164 | D:2      | Found an iron altar of Okawaru.
  2505 | D:2      | Reached skill level 4 in Maces & Flails
  2629 | D:2      | Reached XP level 4. HP: 38/42 MP: 3/5
  3154 | D:3      | Found a stormy altar of Qazlal.
  3390 | D:3      | Reached skill level 5 in Maces & Flails
  3463 | D:3      | Found a shadowy altar of Dithmenos.
  3644 | D:3      | Reached XP level 5. HP: 33/49 MP: 6/6
  4057 | D:4      | Reached skill level 6 in Maces & Flails
  4521 | D:4      | Reached skill level 7 in Maces & Flails
  4521 | D:4      | Reached XP level 6. HP: 21/57 MP: 5/7
  4738 | D:4      | Noticed vev's ghost (amateur OgAM)
  5251 | D:4      | Reached skill level 8 in Maces & Flails
  5695 | D:4      | Found a sparkling altar of Nemelex Xobeh.
  5748 | D:4      | Noticed a phantom
  5964 | D:4      | Killed a phantom
  5964 | D:4      | Reached skill level 9 in Maces & Flails
  5964 | D:4      | Reached XP level 7. HP: 36/65 MP: 8/8
  6152 | D:5      | Entered Level 5 of the Dungeon
  6583 | D:5      | Reached skill level 10 in Maces & Flails
  7113 | D:6      | Found a white marble altar of Elyvilon.
  7122 | D:6      | Became a worshipper of Elyvilon the Healer
  7384 | D:6      | Noticed Edmund
  7393 | D:6      | Killed Edmund
  7393 | D:6      | Reached skill level 11 in Maces & Flails
  7393 | D:6      | Reached XP level 8. HP: 42/72 MP: 9/9
  7664 | D:6      | Found a staircase to the Ecumenical Temple.
  7942 | D:6      | Reached skill level 12 in Maces & Flails
  8069 | D:6      | Found Exzov's Distillery.
  8072 | D:6      | Bought a potion of heal wounds for 65 gold pieces
  8484 | D:6      | Noticed an angel
  8485 | D:6      | Found a glowing silver altar of Zin.
  8832 | D:7      | HP: 3/72 [wight/enchanted halberd (15)]
  8853 | D:7      | Reached * piety under Elyvilon
  8853 | D:7      | HP: 2/72 [centaur/arrow (7)]
  8855 | D:7      | Slain by a wight

Vault maps used:
D:1:      dpeg_arrival_pits
D:2:      minitemple
D:3:      nicolae_overflow_crystal_walls, grunt_qazlal_sundering
D:4:      first_bread, nemelex_deck
D:6:      elyvilon_altar_5, zin_angel, minmay_temple_entry_from_below_b,
          serial_shops, kennysheep_mini, roderic_lattice_a, uniq_edmund

Skill      XL: |  1  2  3  4  5  6  7  8 |
---------------+-------------------------+-----
Fighting       | 2 |  2.1
Maces & Flails | 1 2 4 5 7 9 11 12 | 12.9
Throwing       | |  2.0
Dodging        | |  1.7
Spellcasting   | |  1.2
Hexes          | |  2.1

Action                   |  1- 3 |  4- 6 |  7- 9 || total
-------------------------+-------+-------+-------++-------
Melee: Unarmed           |    27 |       |       ||    27
       Whip              |   126 |   155 |       ||   281
       Club              |     2 |       |       ||     2
       Morningstar       |       |    64 |   129 ||   193
       Dire flail        |       |       |    59 ||    59
       Giant club        |       |       |    44 ||    44
Throw: Large rock        |     1 |     6 |     5 ||    12
       Throwing net      |       |     2 |       ||     2
 Cast: Corona            |     1 |     7 |       ||     8
Evoke: Wand              |       |       |     3 ||     3
  Use: Potion            |       |     3 |     3 ||     6
       Scroll            |       |       |     1 ||     1
 Stab: Sleeping          |     1 |     1 |     1 ||     3
  Eat: Chunk             |     5 |    11 |     8 ||    24
